 Dungeon Crawl Stone Soup version 0.23.2-40-g277498a001 (webtiles) character file.

Game seed: 10472084158056012913

201 Exodus22XD the Chiller (level 5, 0/28 HPs)
             Began as a Deep Elf Ice Elementalist on Sept 24, 2019.
             Slain by a hound (5 damage)
             ... on level 6 of the Dungeon.
             The game lasted 00:08:44 (3335 turns).

Exodus22XD the Chiller (Deep Elf Ice Elementalist)  Turns: 3335, Time: 00:08:45

Health: 0/28       AC:  4    Str:  5    XL:     5   Next: 50%
Magic:  0/13       EV: 13    Int: 21    God:
Gold:   208        SH:  0    Dex: 15    Spells: 2/12 levels left

rFire    . . .     SeeInvis .   g - +0 dagger
rCold    . . .     Gourm    .   (no shield)
rNeg     . . .     Faith    .   a - +0 robe
rPois    .         Spirit   .   p - +0 helmet
rElec    .         Reflect  .   (no cloak)
rCorr    +         Harm     .   j - +0 pair of gloves (curse)
MR       .....                  (no boots)
Stlth    ++........             (no amulet)
HPRegen  0.09/turn              d - -4 ring of slaying (curse)
MPRegen  0.13/turn              k - ring of resist corrosion

@: very slightly contaminated
A: no striking features
a: no special abilities


You were on level 6 of the Dungeon.
You were near starving.

You visited 1 branch of the dungeon, and saw 6 of its levels.

You collected 208 gold pieces.

Inventory:

Hand Weapons
 g - a +0 dagger (weapon)
 q - a +0 short sword of draining
Armour
 a - a +0 robe (worn)
 j - a cursed +0 pair of gloves (worn)
 p - a +0 helmet (worn)
Jewellery
 d - a cursed -4 ring of slaying (left hand)
 f - an uncursed ring of fire
 k - a ring of resist corrosion (right hand)
 y - the ring "Piywek" {rElec MR+ MP+9 Str-4 SInv, unknown}
   (You found it on level 4 of the Dungeon)

   [ring of magical power]

   It affects your strength (-4).
   It insulates you from electricity.
   It affects your resistance to hostile enchantments.
   It affects your magic capacity (+9).
   It lets you see invisible.
Wands
 x - a wand of enslavement (2)
Scrolls
 e - 3 scrolls of blinking {unknown}
 m - 2 scrolls of fear {unknown}
 n - 2 scrolls of teleportation {unknown}
 o - a scroll of remove curse {unknown}
 r - 2 scrolls of enchant armour {unknown}
 t - 2 scrolls of identify {unknown}
 v - a scroll of amnesia {unknown}
Potions
 b - 2 potions of heal wounds {unknown}
 h - 2 potions of degeneration {unknown}
 i - a potion of agility {unknown}
 l - a potion of flight {unknown}
 s - 3 potions of curing {unknown}
 u - 2 potions of brilliance {unknown}
Comestibles
 c - 11 rations


   Skills:
 - Level 2.4 Dodging
 - Level 2.4 Stealth
 - Level 4.4 Spellcasting
 - Level 1.1 Conjurations
 + Level 4.0 Summonings
 - Level 4.6 Ice Magic


You had 2 spell levels left.
You knew the following spells:

 Your Spells              Type           Power        Failure   Level  Hunger
a - Freeze                Ice            ###.         1%          1    None
b - Summon Ice Beast      Ice/Summ       ###.....     19%         4    ####...
c - Ozocubu's Armour      Chrm/Ice       ##......     13%         3    ##.....
d - Throw Frost           Conj/Ice       ###...       5%          2    #......

Your spell library contained the following spells:

 Spells                   Type           Power        Failure   Level  Hunger
 Shock                    Conj/Air       #...         10%         1    None
 Swiftness                Chrm/Air       #.......     17%         2    #......
 Static Discharge         Conj/Air       #.......     28%         3    ##.....
 Throw Icicle             Conj/Ice       ###.....     34%         4    ####...
 Airstrike                Air            #.........   75%         4    ####...
 Lightning Bolt           Conj/Air       #.........   95%         5    ######.


Dungeon Overview and Level Annotations

Branches:
Dungeon (6/15)
 Temple: D:4-7

Altars:
Ashenzari
Ru
Vehumet

Annotations:
D:3 Grinder
D:5 Ijyb


Message History

Attack!
Ijyb zaps a wand.
Your ice beast is blasted!
Your ice beast is blown up!
The jelly completely misses you.
Okay, then.
The hound closely misses you.
There is a stone staircase leading down here.
The hound closely misses you.
You climb downwards.
A hound, a worker ant and a zombie come into view.
Found a leather armour.
Found a stone staircase leading up.
There is a stone staircase leading up here.
Casting: Summon Ice Beast (slightly dangerous; 19% risk of failure)
Confirm with . or Enter, or press ? or * to list all spells.
Aiming: Freeze (safe; 1% risk of failure)
Press: ? - help, Shift-Dir - straight line, f - hound
Aim: a hound You freeze the hound.
The hound is moderately wounded.
The hound barely misses you. The hound bites you.
You die...

#... ... .Z#
..# . ###..###
...
.##......##....
............a..
#....[.@h......
###............
#<....#.#.###.
...h... ## #
....... .......
....... .......


You could see 2 hounds, a worker ant (sleeping) and a bullfrog zombie (dormant).

Vanquished Creatures
  3 gnolls
  5 adders
  An ooze (D:1)
  3 worms
  3 dart slugs
  2 leopard geckos
  2 orcs
  A ball python (D:4)
  A giant cockroach (D:2)
  7 goblins
  7 hobgoblins
  8 bats
  3 frilled lizards
  4 kobolds
  3 rats
53 creatures vanquished.

Vanquished Creatures (collateral kills)
  An ogre (D:5)
  2 gnolls (D:4)
3 creatures vanquished.

Grand Total: 56 creatures vanquished

Notes
Turn   | Place    | Note
-------+----------+-------------------------------------------
     0 | D:1      | Exodus22XD the Deep Elf Ice Elementalist began the quest
                  | for the Orb.
     0 | D:1      | Reached XP level 1. HP: 10/10 MP: 6/6
    63 | D:1      | Reached XP level 2. HP: 15/15 MP: 2/8
   515 | D:1      | Reached XP level 3. HP: 18/19 MP: 6/10
   565 | D:1      | Found a sacrificial altar of Ru.
  1360 | D:2      | Found a shattered altar of Ashenzari.
  1781 | D:3      | Reached XP level 4. HP: 22/24 MP: 10/12
  1787 | D:3      | Learned a level 4 spell: Summon Ice Beast
  1791 | D:3      | Learned a level 3 spell: Ozocubu's Armour
  1794 | D:3      | Learned a level 2 spell: Throw Frost
  1887 | D:3      | Reached skill level 1 in Summonings
  2127 | D:3      | Noticed Grinder
  2755 | D:4      | Got a flickering iron ring
  2764 | D:4      | Reached XP level 5. HP: 25/28 MP: 10/13
  3272 | D:5      | Entered Level 5 of the Dungeon
  3272 | D:5      | Found a radiant altar of Vehumet.
  3272 | D:5      | Noticed Ijyb
  3272 | D:5      | Noticed an ogre
  3311 | D:5      | Killed an ogre
  3335 | D:6      | Slain by a hound

Skill      XL: |  1  2  3  4  5 |
---------------+----------------+-----
Ice Magic      | 4 |  4.6
Spellcasting   | 4 |  4.4
Summonings     | 2 4 |  4.0
Dodging        | |  2.4
Stealth        | |  2.4
Conjurations   | |  1.1

Action                   |  1- 3 |  4- 6 || total
-------------------------+-------+-------++-------
Melee: Dagger            |     4 |     4 ||     8
 Cast: Freeze            |    53 |    34 ||    87
       Throw Frost       |       |     5 ||     5
       Summon Ice Beast  |       |     3 ||     3
 Stab: Sleeping          |     1 |     1 ||     2
  Eat: Chunk             |     2 |     4 ||     6
Armor: Robe              |     8 |     6 ||    14
Dodge: Dodged            |    25 |    22 ||    47
